 Dungeon Crawl Stone Soup version 0.31-a0-237-g2d982f9f85 (webtiles) character file.

Game seed: 3739102450550274710

50 qw the Shooter (level 3, -1/29 HPs)
             Began as a Minotaur Hexslinger on July 11, 2023.
             Was an Initiate of Okawaru.
             Slain by a goblin
             ... wielding a +0 club
             ... led by Robin
              (2 damage)
             ... on level 2 of the Dungeon.
             The game lasted 00:00:21 (1081 turns).

qw the Shooter (Minotaur Hexslinger)                Turns: 1081, Time: 00:00:22

Health: -1/29      AC:  5    Str: 12    XL:     3   Next: 55%
Magic:  3/3        EV: 11    Int: 10    God:    Okawaru [......]
Gold:   91         SH:  0    Dex: 14    Spells: 3/4 levels left

rFire   . . .        Y - +1 sling
rCold   . . .        (no shield)
rNeg    . . .        e - +0 ring mail
rPois   .            (helmet restricted)
rElec   .            (no cloak)
rCorr   .            (no gloves)
SInv    .            (no boots)
Will    .....        (no amulet)
Stlth   +            (no ring)
HPRegen 0.24/turn    (no ring)
MPRegen 0.08/turn

%: no passive effects
@: no status effects
A: horns 2, retaliatory headbutt
a: Renounce Religion


You were on level 2 of the Dungeon.
You worshipped Okawaru.
Okawaru was noncommittal.
You visited 1 branch of the dungeon, and saw 2 of its levels.

You collected 91 gold pieces.


Innate Abilities, Weirdness & Mutations

You have a pair of horns on your head.
You reflexively headbutt those who attack you in melee.


   Skills:
 - Level 2.0 Fighting
 - Level 4.0 Ranged Weapons
 + Level 0.5 Armour
 - Level 2.1 Dodging
 - Level 1.0 Spellcasting
 - Level 2.0 Hexes


You had 3 spell levels left.
You knew the following spells:

 Your Spells              Type           Power      Damage    Failure   Level
a - Slow                  Hex            16%        N/A       34%         1

Your spell library contained the following spells:

 Spells                   Type           Power      Damage    Failure   Level
 Inner Flame              Hex/Fire       2%         N/A       83%         3
 Portal Projectile        Hex/Tloc       4%         N/A       83%         3
 Cause Fear               Hex            2%         N/A       98%         4

Inventory:

Hand Weapons
 Y - a +1 sling (weapon)
Armour
 e - a +0 ring mail (worn)
Scrolls
 a - a scroll of fog {unknown}
 b - 2 scrolls of identify
Potions
 g - a potion of attraction {unknown}
 h - a potion of mutation {unknown}

Dungeon Overview and Level Annotations

Branches:
Dungeon (2/15)

Altars:
Okawaru


Message History

The hobgoblin barely misses you. You furiously retaliate!
You headbutt the hobgoblin. The hobgoblin closely misses you.
You shoot a sling bullet. The sling bullet hits the hobgoblin!
You kill the hobgoblin!
Okawaru accepts your kill. The hobgoblin completely misses you.
You furiously retaliate!
You headbutt the hobgoblin!
You kill the hobgoblin!
Okawaru accepts your kill.
You shoot a sling bullet.
The sling bullet completely misses the goblin.
The sling bullet hits the hobgoblin.
The hobgoblin is moderately wounded.
The goblin hits you with a +0 dagger. The goblin hits you with a +0 club.
You shoot a sling bullet.
The sling bullet closely misses the goblin.
The sling bullet barely misses the goblin.
The goblin hits you with a +0 dagger.
An endoplasm comes into view.
The goblin hits you but does no damage. The goblin hits you with a +0 club.
You shoot a sling bullet.
The sling bullet barely misses the goblin.
The goblin closely misses you. The goblin hits you but does no damage.
The goblin hits you with a +0 dagger. The goblin hits you but does no damage.
You shoot a sling bullet. The sling bullet hits the goblin.
You kill the goblin!
Okawaru accepts your kill.
The goblin no longer looks unusually strong.
The goblin hits you with a +0 dagger. The goblin hits you but does no damage.
The goblin hits you with a +0 club. The goblin hits you but does no damage.
The goblin closely misses you. The goblin barely misses you.
The goblin misses you.
You shoot a sling bullet. The sling bullet hits the goblin.
The goblin is severely wounded.
The goblin no longer looks unusually strong.
The goblin barely misses you. You furiously retaliate!
You headbutt the goblin!
You kill the goblin!
Okawaru accepts your kill. The goblin hits you but does no damage.
The goblin hits you with a +0 club. x2
You die...

#...# #...#### #.#
#..>##.######.##### .
###..)#.#.##........ ..
....%......#.##..#.##.
.....................
...........#.##....#
###...#.#.##.##)ggg#
##.#.##.###.###@#.##...
#.###.### #.....g....#
##.#.## ####...#####
#...# #........ ##.##
#...##### ####.# #####
.....#### ........#
.....##.#


You could see a hobgoblin (strong) and 3 goblins.

Vanquished Creatures
  Robin (D:2)
  An adder (D:2)
  2 dart slugs (D:1)
  4 bats
  A giant cockroach (D:1)
  3 hobgoblins
  3 jackals (D:1)
  A quokka (D:2)
  2 ball pythons
  3 frilled lizards
  6 goblins (D:2)
  3 rats
30 creatures vanquished.

Notes
Turn   | Place    | Note
-------+----------+-------------------------------------------
     0 | D:1      | qw the Minotaur Hexslinger began the quest for the Orb.
     0 | D:1      | Reached XP level 1. HP: 16/16 MP: 1/1
     0 | D:1      | 0 ||| qw: Version: 0.3-a-52-g30416fa
     0 | D:1      | 0 ||| qw: Game counter: 5841
     0 | D:1      | 0 ||| qw: Melee chars always use a shield: true
     0 | D:1      | 0 ||| qw: God list: Okawaru
     0 | D:1      | 0 ||| qw: Allow faded altars: false
     0 | D:1      | 0 ||| qw: Do Orc after clearing Dungeon:15 true
     0 | D:1      | 0 ||| qw: Do second Lair branch before Depths: true
     0 | D:1      | 0 ||| qw: Lair rune preference: random
     0 | D:1      | 0 ||| qw: Goals: Normal
     0 | D:1      | 0 ||| PLANNING D:1-11
   184 | D:1      | Reached skill level 3 in Ranged Weapons
   184 | D:1      | Reached XP level 2. HP: 23/23 MP: 2/2
   192 | D:1      | 192 ||| FLEEEEING.
   193 | D:1      | 193 ||| FLEEEEING.
   695 | D:1      | 695 ||| UPGRADING to +0 ring mail.
   705 | D:1      | 705 ||| DROPPING +0 robe.
   706 | D:1      | 706 ||| READING scroll labelled MOBITUONK.
   709 | D:1      | 709 ||| READING scroll labelled MULAMIEDOPP.
   710 | D:1      | 710 ||| DROPPING scroll of poison.
   802 | D:2      | Found an iron altar of Okawaru.
   803 | D:2      | 803 ||| PLANNING OKAWARU WORSHIP
   810 | D:2      | Became a worshipper of Warmaster Okawaru
   811 | D:2      | 811 ||| PLANNING D:1-11
   863 | D:2      | Reached XP level 3. HP: 13/29 MP: 3/3
  1066 | D:2      | Noticed Robin
  1074 | D:2      | Killed Robin
  1075 | D:2      | Reached skill level 4 in Ranged Weapons
  1079 | D:2      | HP: 5/29 [goblin/+0 dagger[Robin] (4)]
  1080 | D:2      | HP: 2/29 [goblin/+0 club[Robin] (2)]
  1081 | D:2      | Slain by a goblin

Levels and vault maps discovered:
D:1:      nzn_arrival_depleted_hourglass, layout_loops_ring
D:2:      layout_loops_cross, basic_altar, grunt_ministairs_13, minmay_between,
          uniq_robin

Skill      XL: |  1  2  3 |
---------------+----------+-----
Ranged Weapons | 3 4 |  4.0
Fighting       | 2 |  2.0
Armour         | |  0.5
Dodging        | |  2.1
Spellcasting   | |  1.0
Hexes          | |  2.0

Action                     || total
---------------------------++-------
   Fire: Sling             ||    81
    Use: Scroll            ||     2
 Armour: Ring mail         ||    15
  Dodge: Dodged            ||    44

Table legend:
 A = Non-vault XP
 B = Vault XP
 C = Vault XP percentage of total XP
 D = Non-vault monster count
 E = Vault monster count
 F = Vault count percentage of total count
                 A         B        C        D         E       F
            +---------+---------+-------+---------+---------+-------
      Total |      46 |      28 |  37.8 |      21 |       9 |  30.0
            +---------+---------+-------+---------+---------+-------
        D:1 |      25 |       0 |   0.0 |      13 |       0 |   0.0
        D:2 |      21 |      28 |  57.1 |       8 |       9 |  52.9
            +---------+---------+-------+---------+---------+-------
